 Dungeon Crawl Stone Soup version 0.26-a0-651-gb41185065b (webtiles) character file.

Game seed: 1420332124242999878

5651 Gottschkopf the Transmogrifier (level 10, -1/71 HPs)
             Began as a Yellow Draconian Transmuter on Sept 30, 2020.
             Was a Believer of Sif Muna.
             Slain by a black mamba (12 damage)
             ... on level 1 of the Lair of Beasts.
             The game lasted 00:18:13 (11791 turns).

Gottschkopf the Transmogrifier (DrTm)              Turns: 11791, Time: 00:18:13

Health: -1/71      AC: 13    Str: 13    XL:     10   Next: 46%
Magic:  9/13       EV: 15    Int: 21    God:    Sif Muna [**....]
Gold:   425        SH:  0    Dex: 13    Spells: 2/13 levels left

rFire    . . .     SeeInvis .     - Unarmed
rCold    . . .     Faith    +   (shield currently unavailable)
rNeg     . . .     Spirit   .   (armour unavailable)
rPois    .         Reflect  .   (helmet restricted)
rElec    .         Harm     .   a - +2 cloak
rCorr    +         Rampage  .   (gloves currently unavailable)
MR       .....                  g - +2 pair of boots
Stlth    +.........             r - amulet of faith
HPRegen  0.21/turn              y - ring of resist corrosion
MPRegen  0.13/turn              H - +6 ring of intelligence

@: lethally poisoned (-1 -> -12), blade hands
A: spit acid, unfitting armour, cold-blooded, acid resistance, AC +7
a: Breathe Acid, End Transformation, Channel Magic, Renounce Religion


You were on level 1 of the Lair of Beasts.
You worshipped Sif Muna.
Sif Muna was pleased with you.
You had blades for hands.
You visited 3 branches of the dungeon, and saw 12 of its levels.

You collected 497 gold pieces.
You spent 72 gold pieces at shops.

Inventory:

Armour
 a - a +2 cloak (worn)
 g - a +2 pair of boots (worn)
 m - a +2 pair of gloves (melded)
Jewellery
 r - an amulet of faith (around neck)
 y - a ring of resist corrosion (left scythe-like blade)
 H - a +6 ring of intelligence (right scythe-like blade)
Wands
 h - a wand of disintegration (46)
 t - a wand of digging (4)
 x - a wand of polymorph (6)
 B - a wand of acid (7)
 C - a wand of iceblast (10)
 F - a wand of paralysis (8)
 G - a wand of random effects (22)
 I - a wand of flame (21)
Scrolls
 b - 4 scrolls of remove curse {unknown}
 d - a scroll of immolation {unknown}
 e - 4 scrolls of teleportation {unknown}
 f - 6 scrolls of blinking
 i - 4 scrolls of fear
 n - 4 scrolls of enchant weapon {unknown}
 o - 2 scrolls of fog {unknown}
 p - 3 scrolls of magic mapping
 q - a scroll of amnesia {unknown}
 s - 2 scrolls of holy word {unknown}
 u - 3 scrolls of noise {unknown}
 D - a scroll of vulnerability {unknown}
 E - 2 scrolls of identify
Potions
 c - 4 potions of lignification
 j - a potion of might
 k - a potion of stabbing
 l - 5 potions of haste
 v - 2 potions of ambrosia
 w - 5 potions of curing
 z - a potion of flight
 A - a potion of brilliance
 J - a potion of heal wounds


   Skills:
 - Level 1.1 Fighting
 + Level 6.4 Dodging
 - Level 10.0 Unarmed Combat
 - Level 2.0 Spellcasting
 - Level 10.5 Transmutations
 - Level 2.0 Poison Magic


You had 2 spell levels left.
You knew the following spells:

 Your Spells              Type           Power        Failure   Level
a - Blade Hands           Tmut           #####.....   34%         5
b - Spider Form           Tmut/Pois      ####......   26%         3
c - Wereblood             Tmut           #####...     10%         2
d - Beastly Appendage     Tmut           #####.       9%          1

Your spell library contained the following spells:

 Spells                   Type           Power        Failure   Level
 Ice Form                 Ice/Tmut       ###.....     58%         4


Dungeon Overview and Level Annotations

Branches:
Dungeon (10/15)            Temple (1/1) D:7            Lair (1/6) D:10
    Orc: D:9-12

Altars:
Ashenzari
Dithmenos
Fedhas
Gozag
Makhleb
Nemelex Xobeh
Okawaru
Qazlal
Ru
Sif Muna
Uskayaw
Vehumet
Yredelemnul
Zin
The Shining One

Shops:
D:6 !   D:10 :


Innate Abilities, Weirdness & Mutations

You can spit globs of acid.
Your golden yellow scales are hard. (AC +7)
You cannot fit into any form of body armour.
You are cold-blooded and may be slowed by cold attacks.
You are resistant to acid. (rCorr)


Message History

A black mamba comes into view.
The black mamba hisses angrily.
Casting: Blade Hands (dangerous; 5% risk of failure)
Confirm with . or Enter, or press ? or * to list all spells.
Your hands turn into razor-sharp scythe blades.
Your +2 pair of gloves melds into your body.
Unknown command.
You closely miss the black mamba. The black mamba bites you!
You barely miss the black mamba. The black mamba bites you.
You barely miss the black mamba. The black mamba bites you.
The black mamba bites you!!
You are poisoned.
The black mamba poisons you!
You hit the black mamba but do no damage.
You feel sick. The black mamba bites you!
* * * LOW HITPOINT WARNING * * *
You closely miss the black mamba.
* * * LOW HITPOINT WARNING * * *
You feel sick. The black mamba closely misses you. The black mamba bites you!
You die...

#..# . #..### .....# ..
#..#.########.....# #.#
#.....^..^........#
..P##.................##
........................
........................
.....<..................
................@.......
........†.......S..#.#.#
###...#...#+#.P#...#
#...#........#...#
#............#...#
.....+........#.....
..#...#........#...#..
..#...#........#...#....
... #........#...# ...


You could see a black mamba.

Vanquished Creatures
  Maurice (D:8)
  Psyche (D:9)
  Prince Ribbit (D:7)
  A hornet (D:8)
  4 yaks (Lair:1)
  2 humans (D:8)
  2 soldier ants (D:10)
  An orc warrior (D:6)
  An ice beast (D:5)
  2 phantoms
  3 sky beasts
  A necrophage (D:9)
  3 ogres
  5 centaurs
  2 crocodiles
  A big kobold (D:7)
  7 bullfrogs
  A scorpion (D:10)
  6 howler monkeys
  A quasit (D:10)
  5 hounds
  A bullfrog zombie (D:8)
  2 orc priests
  A bullfrog skeleton (D:7)
  5 orc wizards
  5 iguanas
  10 worker ants
  2 howler monkey zombies
  2 worker ant zombies
  14 adders
  4 gnolls (D:4)
  A shadow imp (D:5)
  6 white imps
  3 ufetubi
  3 adder zombies
  2 adder skeletons
  2 worms
  4 dart slugs
  4 leopard geckos
  23 orcs
  5 giant cockroaches
  4 goblins
  6 hobgoblins
  14 jackals
  4 quokkas
  A ball python (D:5)
  6 bats
  5 frilled lizards
  10 kobolds
  3 rats (D:1)
203 creatures vanquished.

Vanquished Creatures (others)
  3 fungi (Lair:1)
  11 plants (D:10)
14 creatures vanquished.

Grand Total: 217 creatures vanquished

Notes
Turn   | Place    | Note
-------+----------+-------------------------------------------
     0 | D:1      | Gottschkopf the Draconian Transmuter began the quest for
                  | the Orb.
     0 | D:1      | Reached XP level 1. HP: 16/16 MP: 3/3
   339 | D:1      | Reached XP level 2. HP: 23/23 MP: 3/5
  1053 | D:2      | Reached XP level 3. HP: 24/28 MP: 3/6
  1059 | D:2      | Learned a level 3 spell: Spider Form
  1062 | D:2      | Learned a level 2 spell: Wereblood
  1504 | D:2      | Reached skill level 1 in Poison Magic
  1504 | D:2      | Reached XP level 4. HP: 17/35 MP: 5/7
  2626 | D:3      | Found an opulent altar of Gozag.
  2945 | D:3      | Reached XP level 5. HP: 33/40 MP: 6/8
  3376 | D:4      | Reached skill level 5 in Transmutations
  3376 | D:4      | Reached XP level 6. HP: 36/47 MP: 9/9
  3755 | D:4      | Reached skill level 5 in Unarmed Combat
  4233 | D:5      | Entered Level 5 of the Dungeon
  4337 | D:5      | Your scales start taking on a golden yellow colour.
  4337 | D:5      | Reached XP level 7. HP: 31/52 MP: 6/10
  4337 | D:5      | Gained mutation: You are resistant to acid. (rCorr) [Yellow
                  | Draconian growth]
  4668 | D:5      | You fall into a shaft and drop 2 floors!
  5755 | D:6      | Found Heawoo's Distillery.
  5771 | D:6      | Bought a potion of flight for 36 gold pieces
  5771 | D:6      | Bought a potion of curing for 36 gold pieces
  6188 | D:6      | Reached XP level 8. HP: 31/59 MP: 7/11
  7213 | D:7      | Noticed Prince Ribbit
  7229 | D:7      | Killed Prince Ribbit
  7502 | D:7      | Reached skill level 10 in Unarmed Combat
  7663 | D:7      | Found a staircase to the Ecumenical Temple.
  7672 | Temple   | Entered the Ecumenical Temple
  7679 | Temple   | Became a worshipper of Sif Muna the Loreminder
  8190 | D:8      | Reached XP level 9. HP: 47/64 MP: 12/12
  8429 | D:8      | Found an iron altar of Okawaru.
  8455 | D:8      | Reached * piety under Sif Muna
  8741 | D:8      | Learned a level 5 spell: Blade Hands
  8839 | D:8      | Found a glowing silver altar of Zin.
  8850 | D:8      | Noticed Maurice
  8863 | D:8      | Killed Maurice
  9557 | D:8      | Found an opulent altar of Gozag.
  9686 | D:9      | Reached skill level 10 in Transmutations
  9800 | D:9      | Noticed Psyche
  9805 | D:9      | Killed Psyche
 10362 | D:9      | Reached ** piety under Sif Muna
 10362 | D:9      | Reached XP level 10. HP: 71/71 MP: 7/13
 11147 | D:10     | Entered Level 10 of the Dungeon
 11214 | D:10     | Found a hide-covered altar of Uskayaw.
 11281 | D:10     | Found Witushap's Book Boutique.
 11328 | D:10     | Reached skill level 5 in Dodging
 11594 | D:10     | Found a staircase to the Lair.
 11615 | Lair:1   | Entered Level 1 of the Lair of Beasts
 11782 | Lair:1   | Noticed a black mamba
 11791 | Lair:1   | Slain by a black mamba

Illustrated notes

Levels and vault maps discovered:
D:1:      dpeg_arrival_arbitrary_b, layout_basic
D:2:      layout_loops_ring
D:3:      layout_basic, nicolae_gozag_seed_capital, uniq_natasha, uniq_jessica
D:4:      layout_basic
D:5:      layout_loops_corners
D:6:      layout_gridville, serial_shops, shop
D:7:      layout_rooms, minmay_temple_entry_sparse_star, minmay_misc_feat_x,
          uniq_prince_ribbit1
D:8:      layout_loops_ring, lemuel_round_altar, basic_altar,
          hangedman_abyss_or_decor_passed, okawaru_humans, uniq_maurice
D:9:      layout_irregular_city, minivault_26, uniq_psyche
D:10:     layout_rooms, dpeg_oklobed_lair, special_room [special_room_bee],
          basic_altar, serial_shops, kennysheep_mini_moat,
          minmay_another_anthill
Temple:   dpeg_three_leaves_temple
Lair:1:   layout_regular_city, serial_rivers, chequers_serial_rivers_small_3,
          chequers_serial_rivers_large_a, chequers_serial_rivers_micro_a,
          chequers_serial_rivers_micro_b, hangedman_lair_unloving_vines,
          st_stairs_9

Skill      XL: |  1  2  3  4  5  6  7  8  9 10 |
---------------+-------------------------------+-----
Unarmed Combat | 4 6 8 10 | 10.0
Poison Magic   | 1 2 |  2.0
Transmutations | 3 5 6 10 | 10.5
Dodging        | 2 6 |  6.4
Fighting       | |  1.1
Spellcasting   | |  2.0

Action                   |  1- 3 |  4- 6 |  7- 9 | 10-12 || total
-------------------------+-------+-------+-------+-------++-------
Melee: Unarmed           |    94 |   179 |   312 |    85 ||   670
       Kick              |    15 |    26 |    40 |       ||    81
       Headbutt          |    10 |    18 |    26 |       ||    54
       Tailslap          |     7 |    14 |    29 |     7 ||    57
       Punch             |     1 |     4 |     5 |     3 ||    13
 Cast: Beastly Appendage |    24 |    29 |    35 |       ||    88
       Spider Form       |       |     3 |     8 |       ||    11
       Wereblood         |       |     1 |     6 |     4 ||    11
       Blade Hands       |       |       |    14 |    12 ||    26
  Use: Scroll            |       |       |    17 |       ||    17
       Potion            |       |       |     2 |       ||     2
 Stab: Sleeping          |       |       |     1 |       ||     1
Armor: Skin              |    31 |    48 |    60 |    33 ||   172
Dodge: Dodged            |    97 |   127 |   177 |    51 ||   452

Table legend: (Time is in decaauts)
 A = Elapsed time spent in this place.
 B = Non-inter-level travel time spent in this place.
 C = Inter-level travel time spent in this place.
 D = Time resting spent in this place.
 E = Time spent auto-exploring this place.
 F = Levels seen in this place.
 G = Mean time per level.
                   A        B        C        D        E       F      G
               +--------+--------+--------+--------+--------+-----+--------+
         Total |  11704 |  11456 |    248 |    388 |   9573 |  12 |  975.3 |
       Dungeon |  11517 |  11269 |    248 |    388 |   9426 |  10 | 1151.7 |
        Temple |     14 |     14 |      0 |      0 |      0 |   1 |   14.0 |
          Lair |    172 |    172 |      0 |      0 |    147 |   1 |  172.0 |
               +--------+--------+--------+--------+--------+-----+--------+

Top non-repeatable levels by time:
     D:8: 1615 daAuts
     D:9: 1574 daAuts
     D:2: 1513 daAuts
     D:5: 1341 daAuts
     D:6: 1335 daAuts
     D:4: 1199 daAuts
     D:7: 1085 daAuts
     D:1: 1032 daAuts
     D:3: 468 daAuts
    D:10: 352 daAuts
  Lair:1: 172 daAuts
  Temple: 14 daAuts
